 Dungeon Crawl Stone Soup version 0.27.1-33-g824d729ab1 (webtiles) character file.

Game seed: 8806385543491718194

282 pkoi the Insei (level 6, -3/51 HPs)
             Began as a Draconian Monk on Dec 19, 2021.
             Was a Believer of the Shining One.
             Slain by a kobold brigand (5 damage)
             ... on level 4 of the Dungeon.
             The game lasted 00:02:58 (3815 turns).

pkoi the Insei (Draconian Monk)                     Turns: 3815, Time: 00:02:58

Health: -3/51      AC:  9    Str: 11 (13) XL:     6   Next: 6%
Magic:  7/7        EV: 12    Int: 10 (13) God:    the Shining One [**....]
Gold:   242        SH:  0    Dex: 12 (13) Spells: 5/7 levels left

rFire    . . .     SeeInvis .     - Unarmed
rCold    . . .     Faith    .   (no shield)
rNeg     + . .     Spirit   .   (armour unavailable)
rPois    .         Reflect  .   (helmet restricted)
rElec    .         Harm     .   (no cloak)
rCorr    .         Rampage  .   b - +2 pair of gloves
Will     .....                  (no boots)
Stlth    +.........             (no amulet)
HPRegen  0.17/turn              (no ring)
MPRegen  0.10/turn              (no ring)

@: slowed, glowing, very slow
A: AC +6, unfitting armour, cold-blooded
a: Renounce Religion, Divine Shield


You were on level 4 of the Dungeon.
You worshipped the Shining One.
The Shining One was pleased with you.
You visited 2 branches of the dungeon, and saw 5 of its levels.

You collected 242 gold pieces.

Inventory:

Hand Weapons
 j - a +0 short sword
Missiles
 r - 11 poisoned darts (quivered)
Armour
 b - a +2 pair of gloves (worn)
 p - a +0 pair of boots
Jewellery
 k - an amulet of the acrobat
 n - an amulet of magic regeneration
Wands
 o - a wand of flame (24)
Scrolls
 a - 3 scrolls of teleportation {unknown}
 c - a scroll of enchant armour {unknown}
 d - a scroll of enchant weapon {unknown}
 e - 6 scrolls of identify {unknown}
 i - a scroll of fog {unknown}
 q - a scroll of vulnerability {unknown}
 u - a scroll of immolation {unknown}
Potions
 h - a potion of invisibility {unknown}
 l - 2 potions of heal wounds {unknown}
 m - a potion of brilliance {unknown}
 s - 2 potions of attraction {unknown}
 t - 2 potions of haste {unknown}


   Skills:
 - Level 3.2 Fighting
 + Level 3.1 Dodging
 - Level 1.7 Stealth
 * Level 6.1 Unarmed Combat
 + Level 1.1 Spellcasting
 + Level 1.3 Translocations


You had 5 spell levels left.
You knew the following spells:

 Your Spells              Type           Power      Damage    Failure   Level
a - Blink                 Tloc           N/A        N/A       30%         2

Your spell library contained the following spells:

 Spells                   Type           Power      Damage    Failure   Level
 Lesser Beckoning         Tloc           1%         N/A       52%         3
 Manifold Assault         Tloc           3%         N/A       99%         5


Dungeon Overview and Level Annotations

Branches:
Dungeon (4/15)             Temple (1/1) D:4

Altars:
Ashenzari
Cheibriados
Dithmenos
Elyvilon
Fedhas
Gozag
Hepliaklqana
Kikubaaqudgha
Nemelex Xobeh
Qazlal
Ru
Vehumet
Wu Jian
Xom
Yredelemnul
Zin
The Shining One


Innate Abilities, Weirdness & Mutations

Your plain brown scales are hard. (AC +6)
You cannot fit into any form of body armour.
You are cold-blooded and may be slowed by cold attacks.


Message History

You feel very sick.
An adder skeleton comes into view.
The kobold brigand barely misses you.
You hit the kobold brigand. You tail-slap the kobold brigand.
The kobold brigand is moderately wounded.
You feel very sick.
The kobold brigand hits you with a +0 club.
* * * LOW HITPOINT WARNING * * *
You hit the kobold brigand but do no damage.
The kobold brigand is moderately wounded.
You feel very sick. The kobold brigand misses you.
You hit the kobold brigand.
The kobold brigand is heavily wounded.
You feel sick.
The kobold brigand hits you with a +0 club.
* * * LOW HITPOINT WARNING * * *
The kobold brigand barely misses you.
You hit the kobold brigand.
Your tail-slap misses the kobold brigand.
The kobold brigand is severely wounded.
You feel sick.
The kobold brigand hits you with a +0 club.
* * * LOW HITPOINT WARNING * * *
The adder skeleton misses you.
It was a potion of magic.
Magic courses through your body.
You feel sick.
The kobold brigand hits you with a +0 club!
* * * LOW HITPOINT WARNING * * *
The adder skeleton bites you but does no damage.
The kobold brigand hits you with a +0 club.
* * * LOW HITPOINT WARNING * * *
It was a potion of degeneration.
There was something very wrong with that liquid.
You feel weakened.
You feel dopey.
You feel clumsy.
* * * LOW HITPOINT WARNING * * *
You feel sick.
You are no longer poisoned.
The adder skeleton bites you but does no damage.
The kobold brigand hits you with a +0 club.
You die...

##.....#. #... #...##.+.
!..# ##...##.## #...
####...###.#.
##...#####..........#.
.##.......##....#...#.#8
................#......#
......K.................
......Z@...............#
......................##
...........##......#....
.........((((...).......
..............####......
#...........### ####...
#..........## ##..
.#........... #..#
.......###.# #...


You could see a kobold brigand and an adder skeleton.

Vanquished Creatures
  An ogre (D:4)
  A hound (D:4)
  A bullfrog skeleton (D:4)
  A hound skeleton (D:2)
  5 adders
  A worm (D:2)
  A dart slug (D:3)
  An orc (D:3)
  5 ball pythons
  3 endoplasms
  3 giant cockroaches
  6 goblins
  9 hobgoblins
  2 jackals (D:2)
  2 quokkas
  7 bats
  2 frilled lizards
  13 kobolds
  12 rats
76 creatures vanquished.

Notes
Turn   | Place    | Note
-------+----------+-------------------------------------------
     0 | D:1      | pkoi the Draconian Monk began the quest for the Orb.
     0 | D:1      | Reached XP level 1. HP: 19/19 MP: 1/1
   210 | D:1      | Reached XP level 2. HP: 23/26 MP: 2/2
   539 | D:1      | Reached skill level 4 in Unarmed Combat
   732 | D:2      | Reached XP level 3. HP: 25/31 MP: 3/3
   903 | D:2      | Reached XP level 4. HP: 27/38 MP: 4/4
  1012 | D:2      | Found a faded altar of an unknown god.
  1146 | D:2      | Reached skill level 5 in Unarmed Combat
  2535 | D:3      | Learned a level 2 spell: Blink
  3063 | D:4      | Reached XP level 5. HP: 37/45 MP: 5/5
  3234 | D:4      | Found a staircase to the Ecumenical Temple.
  3269 | Temple   | Entered the Ecumenical Temple
  3455 | Temple   | Became a worshipper of the Shining One
  3455 | Temple   | Reached * piety under the Shining One
  3455 | Temple   | Reached ** piety under the Shining One
  3623 | D:4      | Found a stormy altar of Qazlal.
  3769 | D:4      | Noticed an ogre
  3786 | D:4      | Killed an ogre
  3787 | D:4      | Reached skill level 6 in Unarmed Combat
  3787 | D:4      | Reached skill level 1 in Spellcasting
  3787 | D:4      | Reached skill level 1 in Translocations
  3787 | D:4      | Reached XP level 6. HP: 43/51 MP: 5/7
  3815 | D:4      | HP: 2/51 [poisoned by a kobold brigand (curare-tipped
                  | dart)]
  3815 | D:4      | Slain by a kobold brigand

Illustrated notes

Levels and vault maps discovered:
D:1:      nagdon_arrival_double_spiral, layout_basic, minmay_rat_gold_closets
D:2:      minmay_inner_zag, layout_basic, ebering_ecumenical_altar_abandoned,
          corexii_hall_statues_x, minivault_4, chequers_serial_rivers_large_a,
          chequers_serial_rivers_micro_b
D:3:      layout_basic, chequers_serial_rivers_room_a, minmay_diced_spiral
D:4:      cheibrodos_thug_alley, layout_cave_pools,
          nicolae_qazlal_general_emergency, okawaru_metal_pillars_1_2,
          minmay_temple_entry_sparse_star, minivault_1, minmay_starry_boxes
Temple:   eino_temple_rhombus

Skill      XL: |  1  2  3  4  5 |
---------------+----------------+-----
Unarmed Combat | 4 5 6 |  6.1
Dodging        | 3 |  3.1
Spellcasting   | 1 |  1.1
Translocations | 1 |  1.3
Fighting       | |  3.2
Stealth        | |  1.7

Action                   |  1- 3 |  4- 6 || total
-------------------------+-------+-------++-------
Melee: Unarmed           |   112 |   154 ||   266
       Tailslap          |    12 |    13 ||    25
       Punch             |     1 |     3 ||     4
Throw: Dart              |       |     6 ||     6
  Use: Potion            |       |     2 ||     2
 Stab: Sleeping          |     8 |     2 ||    10
Armor: Skin              |    48 |    61 ||   109
Dodge: Dodged            |    63 |    91 ||   154
